 Dungeon Crawl Stone Soup version 0.29-a0-283-ga02f740833 (webtiles) character file.

Game seed: 8855494807966993965

39 Ajdolov the Shooter (level 3, -4/20 HPs)
             Began as a Deep Elf Hunter on Mar 13, 2022.
             Killed from afar by Ijyb (24 damage)
             ... with a bolt of acid
             ... on level 2 of the Dungeon.
             The game lasted 00:01:53 (1411 turns).

Ajdolov the Shooter (Deep Elf Hunter)               Turns: 1411, Time: 00:01:54

Health: -4/20      AC:  4    Str:  8    XL:     3   Next: 28%
Magic:  5/5        EV: 12    Int: 13    God:
Gold:   61         SH:  0    Dex: 20    Spells: 2/2 levels left

rFire   . . .      SeeInvis .   a - +1 shortbow
rCold   . . .      Faith    .   (shield currently unavailable)
rNeg    . . .      Spirit   .   b - +0 leather armour
rPois   .          Reflect  .   (no helmet)
rElec   .          Harm     .   e - +0 cloak
rCorr   .          Rampage  .   (no gloves)
Will    .....                   (no boots)
Stlth   ++........              (no amulet)
HPRegen 0.06/turn               (no ring)
MPRegen 0.09/turn               (no ring)

@: no status effects
A: no striking features
a: no special abilities


You were on level 2 of the Dungeon.
You visited 1 branch of the dungeon, and saw 2 of its levels.

You collected 61 gold pieces.

Inventory:

Hand Weapons
 a - a +1 shortbow (weapon)
Armour
 b - a +0 leather armour (worn)
 e - a +0 cloak (worn)
Jewellery
 d - a +4 ring of protection
Scrolls
 c - a scroll of immolation
 f - 2 scrolls of vulnerability {unknown}
 h - 3 scrolls of enchant armour {unknown}
 i - a scroll of teleportation {unknown}
 j - a scroll of magic mapping {unknown}
 k - a scroll of identify {unknown}
 l - a scroll of amnesia {unknown}
Potions
 g - a potion of lignification {unknown}


   Skills:
 - Level 1.5 Fighting
 * Level 6.4 Bows
 - Level 2.4 Dodging
 + Level 2.5 Stealth


You had 2 spell levels left.
You didn't know any spells.
Your spell library was empty.

Dungeon Overview and Level Annotations

Branches:
Dungeon (2/15)

Altars:

Annotations:
D:2 Ijyb


Message History

You shoot an arrow. The arrow barely misses the goblin.
The goblin shouts! x2; You hear a shout!
A goblin comes into view. It is wielding a +0 dagger.
A goblin comes into view. It is wielding a +0 club.
You shoot an arrow. The goblin shouts!
The arrow hits the goblin!
You kill the goblin!
A goblin comes into view. It is wielding a +0 club.
There is a stone staircase leading up, spattered with blood here.
You shoot an arrow. The arrow hits the goblin.
You kill the goblin!
You shoot an arrow. The arrow hits the goblin!
You kill the goblin!
You shoot an arrow. The arrow hits the goblin!
You kill the goblin!
No target in view!
You shoot an arrow. The arrow hits the goblin!
You kill the goblin!
You shoot an arrow. The arrow closely misses the goblin.
The goblin barely misses you.
You shoot an arrow. The arrow hits the goblin!
You kill the goblin!
No target in view!
Things that are here:
a +0 dagger; a +0 club
There is a stone staircase leading up, spattered with blood here.
Things that are here:
a +0 dagger; a +0 dagger; a goblin corpse
Things that are here:
a +0 club; a goblin corpse Ijyb the Twisted Goblin comes into view.
She is wielding a +0 dagger and carrying a wand of acid (10).
You shoot an arrow. The arrow closely misses the hobgoblin.
Ijyb shouts!
Ijyb screams, "Get away!"
You shoot an arrow.
The arrow hits the hobgoblin but does no damage.
Ijyb zaps a wand.
The bolt of acid hits you!!
Ouch! That really hurt!
You die...

......#.....##)##.....######...##
.##...#.....##......(............
.##..g#........##.##......>......
.[..g.#.....##<#..##.............
#.##.##.....##)#.###########...##
#.##.#########.#.8.8.8.8 ##.....#
.....# #.......... #.......
#g#### #.......... #...<... #.#
#..@....g.. #.......
#g#############.g..).... #.......
#....gg.....###......... #.......
###.#..#.........8.8.8.8 #.......
#.#..#.##.############ ###...##
#.#....##.# #.#####. #.#.##.##.#
##(###.. #.#.##.##g# #..#.#.
#........)# #.#.##.


You could see Ijyb and a hobgoblin.

Vanquished Creatures
  A gnoll (D:2)
  A worm (D:2)
  3 endoplasms
  A giant cockroach (D:1)
  6 goblins (D:2)
  2 hobgoblins (D:1)
  2 jackals (D:1)
  A kobold (D:2)
  A quokka (D:1)
  A ball python (D:1)
  2 bats (D:1)
  A frilled lizard (D:2)
  2 rats
24 creatures vanquished.

Notes
Turn   | Place    | Note
-------+----------+-------------------------------------------
     0 | D:1      | Ajdolov the Deep Elf Hunter began the quest for the Orb.
     0 | D:1      | Reached XP level 1. HP: 12/12 MP: 3/3
   246 | D:1      | Reached XP level 2. HP: 16/16 MP: 4/4
   590 | D:2      | Reached skill level 6 in Bows
  1287 | D:2      | Reached XP level 3. HP: 20/20 MP: 5/5
  1409 | D:2      | Noticed Ijyb
  1411 | D:2      | Killed from afar by Ijyb

Illustrated notes

Levels and vault maps discovered:
D:1:      lightli_arrival_farm, layout_basic
D:2:      kennysheep_the_goblin_king, layout_loops_cross,
          hellmonk_ecumenical_altar_arch_garden

Skill      XL: |  1  2 |
---------------+-------+-----
Stealth        | 2 |  2.5
Bows           | 6 |  6.4
Fighting       | |  1.5
Dodging        | |  2.4

Action                   || total
-------------------------++-------
 Fire: Shortbow          ||    54
Armor: Leather armour    ||     3
Dodge: Dodged            ||    11

Table legend: (Time is in decaauts)
 A = Elapsed time spent in this place.
 B = Non-inter-level travel time spent in this place.
 C = Inter-level travel time spent in this place.
 D = Time resting spent in this place.
 E = Time spent auto-exploring this place.
 F = Levels seen in this place.
 G = Mean time per level.
                   A        B        C        D        E       F      G
               +--------+--------+--------+--------+--------+-----+--------+
         Total |   1450 |   1298 |    152 |    198 |    834 |   2 |  725.0 |
       Dungeon |   1450 |   1298 |    152 |    198 |    834 |   2 |  725.0 |
               +--------+--------+--------+--------+--------+-----+--------+

Top non-repeatable levels by time:
     D:1: 891 daAuts
     D:2: 559 daAuts
